 Dungeon Crawl Stone Soup version 0.23-a0-767-gdc19b93d68 (webtiles) character file.

717 Esekla the Cutter (level 7, -2/48 HPs)
             Began as an Octopode Wanderer on Jan 22, 2019.
             Was an Initiate of Ashenzari.
             Slain by a killer bee (9 damage)
             ... on level 6 of the Dungeon.
             The game lasted 00:22:28 (2968 turns).

Esekla the Cutter (Octopode Wanderer)               Turns: 2968, Time: 00:22:29

Health: -2/48      AC:  1    Str: 10    XL:     7   Next: 70%
Magic:  7/7        EV: 14    Int: 15    God:    Ashenzari [......]
Gold:   216        SH:  0    Dex: 14    Spells: 6/6 levels left

rFire    . . .     SeeInvis .   b - +2 dagger (elec) (curse)
rCold    . . .     Gourm    .   (no shield)
rNeg     . . .     Faith    .   (helmet restricted)
rPois    .         Spirit   .   (no amulet)
rElec    .         Reflect  .   l - ring of resist corrosion
rCorr    +         Harm     .   (no ring)
MR       .....                  (no ring)
Stlth    ++++......             (no ring)
HPRegen  0.16/turn              (no ring)
MPRegen  0.10/turn              (no ring)
                                (no ring)
                                (no ring)

@: lethally poisoned (-2 -> -20)
A: almost no armour, stealthy swim, amphibious, 8 rings, constrict 8, camouflage
1, gelatinous body 1
a: Curse Item, Renounce Religion


You were on level 6 of the Dungeon.
You worshipped Ashenzari.
Ashenzari was noncommittal.
You were not hungry.

You visited 2 branches of the dungeon, and saw 7 of its levels.

You collected 216 gold pieces.

Inventory:

Hand Weapons
 b - a cursed +2 dagger of electrocution (weapon)
Jewellery
 l - a ring of resist corrosion (left tentacle)
Scrolls
 c - a scroll of random uselessness {unknown}
 d - 3 scrolls of teleportation
 h - a scroll of magic mapping {unknown}
 k - a scroll of remove curse
Potions
 a - a potion of degeneration {unknown}
 e - a potion of lignification {unknown}
 g - 3 potions of heal wounds
 j - a potion of agility
 m - a potion of curing
Comestibles
 f - 8 rations


   Skills:
 * Level 4.0 Fighting
 * Level 6.4 Short Blades
   Level 4.0 Staves
 + Level 3.3 Dodging
 - Level 4.0 Stealth


You had 6 spell levels left.
You didn't know any spells.
Your spell library was empty.

Dungeon Overview and Level Annotations

Branches:
Dungeon (6/15)             Temple (1/1) D:4

Altars:
Ashenzari
Cheibriados
Dithmenos
Fedhas
Gozag
Hepliaklqana
Kikubaaqudgha
Makhleb
Nemelex Xobeh
Qazlal
Ru
Sif Muna
Uskayaw
Vehumet
Wu Jian

Shops:
D:5 ??


Innate Abilities, Weirdness & Mutations

You cannot wear most types of armour.
You are very stealthy in the water. (Stealth+)
You are amphibious.
You can wear up to eight rings at the same time.
You can use your tentacles to constrict eight enemies at once.
Your skin changes colour to match your surroundings (Stealth+).
Your rubbery body absorbs attacks. (AC +1, EV +1)


Message History

The killer bee is lightly wounded.
You feel sick. The killer bee stings you.
You are more poisoned.
The killer bee poisons you!
You hit the killer bee but do no damage.
You grab the killer bee. You squeeze the killer bee!
The killer bee is severely wounded.
You constrict the killer bee.
You feel sick. The killer bee stings you.
You hit the killer bee but do no damage.
The killer bee is severely wounded.
You constrict the killer bee. The killer bee stings you!
* * * LOW HITPOINT WARNING * * *
You are more poisoned.
The killer bee poisons you! The killer bee closely misses you.
You hit the killer bee.
The killer bee is almost dead.
You constrict the killer bee.
* * * LOW HITPOINT WARNING * * *
You feel sick. The killer bee stings you!
You die...

.##### #....# ..#+#..
.....########....#.# ### #
.....##..........#.# ###
.....##..........#.#...
.....##.........##.#.#
................#....
................#..###
...............)#..#..
...............y@..#.#
...†........#+#..†.#.#
..^.........#.#.(..#.#
...#####....#.#....#.#######
...# #....#.#.............
...# #....#.#..#.#........
...# ######.#..#.#........
...# #.#..#.#........ ####
#.####.#........


You could see a killer bee.

Vanquished Creatures
  Edmund (D:4)
  An ogre (D:4)
  A centaur (D:5)
  A bullfrog (D:6)
  A killer bee (D:6)
  3 hounds
  An iguana (D:6)
  2 worker ants (D:4)
  A worker ant zombie (D:6)
  Robin (D:2)
  2 adders
  A shadow imp (D:6)
  3 worms
  A dart slug (D:1)
  A leopard gecko (D:1)
  An orc (D:6)
  5 giant cockroaches
  19 goblins
  14 hobgoblins
  9 jackals
  3 quokkas
  8 bats
  10 frilled lizards
  7 kobolds
  A leopard gecko zombie (D:6)
  11 rats
109 creatures vanquished.

Vanquished Creatures (others)
  6 toadstools (D:5)
6 creatures vanquished.

Grand Total: 115 creatures vanquished

Notes
Turn   | Place    | Note
-------+----------+-------------------------------------------
     0 | D:1      | Esekla the Octopode Wanderer began the quest for the Orb.
     0 | D:1      | Esekla set off with the following items: a +2 dagger, a
                  | potion of berserk rage, a +0 quarterstaff, a scroll of
                  | teleportation, a ration
     0 | D:1      | Reached XP level 1. HP: 13/13 MP: 1/1
   112 | D:1      | Reached XP level 2. HP: 7/18 MP: 2/2
   119 | D:1      | Reached skill level 1 in Short Blades
   357 | D:1      | Reached XP level 3. HP: 24/24 MP: 3/3
   853 | D:2      | Reached skill level 2 in Short Blades
   922 | D:2      | Found a stormy altar of Qazlal.
   922 | D:2      | Noticed a fire elemental
   923 | D:2      | Noticed Robin
   947 | D:2      | Reached XP level 4. HP: 18/29 MP: 4/4
   955 | D:2      | Killed Robin
   972 | D:2      | Noticed an air elemental
  1007 | D:2      | Noticed a water elemental
  1007 | D:2      | Noticed an earth elemental
  1027 | D:2      | Found a shadowy altar of Dithmenos.
  1467 | D:2      | Reached skill level 3 in Short Blades
  1964 | D:3      | Reached XP level 5. HP: 35/35 MP: 5/5
  2146 | D:4      | Noticed Edmund
  2164 | D:4      | Killed Edmund
  2164 | D:4      | Reached skill level 4 in Short Blades
  2164 | D:4      | Reached XP level 6. HP: 38/42 MP: 6/6
  2170 | D:4      | Found a staircase to the Ecumenical Temple.
  2183 | Temple   | Entered the Ecumenical Temple
  2272 | Temple   | Became a worshipper of Ashenzari the Shackled
  2322 | D:4      | Reached skill level 5 in Short Blades
  2444 | D:5      | Entered Level 5 of the Dungeon
  2444 | D:5      | Found Xiqughar's Magic Scroll Shoppe.
  2452 | D:5      | Reached XP level 7. HP: 24/46 MP: 7/7
  2454 | D:5      | Found Usyb's Magic Scroll Shop.
  2814 | D:6      | Reached skill level 6 in Short Blades
  2968 | D:6      | Slain by a killer bee

Vault maps used:
D:1:      evilmike_arrival_run_for_it, chequers_garden
D:2:      nicolae_qazlal_style_of_elements, grunt_dithmenos_smoke,
          minmay_lizard_pond, uniq_robin
D:3:      first_ration
D:4:      minmay_temple_entry_glass, uniq_edmund
D:5:      lemuel_castle_with_subvaults, overflow_temple_1_default, serial_shops,
          nicolae_shop_trees, shop, nicolae_shop_stone, shop,
          minmay_gold_behind_fungi, dk_noncrumbling_4
D:6:      uniq_blork_the_orc
Temple:   dshaligram_water_room_temple

Skill      XL: |  1  2  3  4  5  6  7 |
---------------+----------------------+-----
Short Blades   | 1 2 3 4 5 6 |  6.4
Fighting       | 2 3 4 |  4.0
Dodging        | 3 |  3.3
Staves         | |  4.0
Stealth        | |  4.0

Action                   |  1- 3 |  4- 6 |  7- 9 || total
-------------------------+-------+-------+-------++-------
Melee: Dagger            |    85 |    88 |    48 ||   221
       Constrict         |    21 |    16 |    11 ||    48
       Tentacles         |    13 |    14 |    10 ||    37
Invok: Curse Item        |       |     1 |       ||     1
  Use: Scroll            |       |     9 |       ||     9
       Potion            |       |     2 |       ||     2
 Stab: Sleeping          |     7 |    15 |     4 ||    26
       Distracted        |       |     1 |       ||     1
  Eat: Ration            |       |     2 |       ||     2
Armor: Skin              |     1 |       |     1 ||     2
Dodge: Dodged            |    37 |    37 |    33 ||   107

Table legend:
 A = Non-vault XP
 B = Vault XP
 C = Vault XP percentage of total XP
 D = Non-vault monster count
 E = Vault monster count
 F = Vault count percentage of total count
                 A         B        C        D         E       F
            +---------+---------+-------+---------+---------+-------
      Total |     803 |     222 |  21.7 |      87 |      22 |  20.2
            +---------+---------+-------+---------+---------+-------
        D:1 |      49 |       5 |   9.3 |      30 |       1 |   3.2
        D:2 |      34 |      46 |  57.5 |      12 |      20 |  62.5
        D:3 |      51 |       0 |   0.0 |      23 |       0 |   0.0
        D:4 |     195 |     171 |  46.7 |       5 |       1 |  16.7
        D:5 |     198 |       0 |   0.0 |       4 |       0 |   0.0
        D:6 |     276 |       0 |   0.0 |      13 |       0 |   0.0
            +---------+---------+-------+---------+---------+-------
